 Dungeon Crawl Stone Soup version 0.21.1-1-g345015f (webtiles) character file.

25 lysyklops the Conjurer (level 2, 0/20 HPs)
             Began as a Draconian Conjurer on July 25, 2018.
             Succumbed to a goblin's poison
             ... on level 1 of the Dungeon.
             The game lasted 00:04:10 (1266 turns).

lysyklops the Conjurer (Draconian Conjurer)         Turns: 1266, Time: 00:04:10

Health: 0/20       AC:  4    Str: 10    XL:     2   Next: 82%
Magic:  1/5        EV: 12    Int: 15    God:
Gold:   2          SH:  0    Dex: 11    Spells: 4/5 levels left

rFire    . . .     SeeInvis .   g - +0 whip
rCold    . . .     Gourm    .   (no shield)
rNeg     . . .     Faith    .   (armour unavailable)
rPois    .         Spirit   .   (helmet restricted)
rElec    .         Reflect  .   (no cloak)
rCorr    .         Harm     .   (no gloves)
MR       .....                  (no boots)
Stlth    ++........             (no amulet)
HPRegen  0.06/turn              (no ring)
MPRegen  0.09/turn              (no ring)

@: lethally poisoned (0 -> -5), very slightly contaminated
A: unfitting armour, cold-blooded, AC +4
a: no special abilities


You were on level 1 of the Dungeon.
You were hungry.

You visited 1 branch of the dungeon, and saw 2 of its levels.

You collected 2 gold pieces.

Inventory:

Hand Weapons
 g - a +0 whip (weapon)
Missiles
 d - 30 sling bullets
Scrolls
 e - a scroll of random uselessness {unknown}
Potions
 c - a potion of berserk rage {unknown}
 f - a potion of haste {unknown}
Books
 a - a book of Conjurations

   Spells                             Type                      Level
   a - Magic Dart                     Conjuration                  1
   b - Searing Ray                    Conjuration                  2
   c - Dazzling Spray                 Conjuration/Hexes            3
   d - Fulminant Prism                Conjuration/Hexes            4
   e - Force Lance                    Conjuration/Translocation    4
   f - Iskenderun's Mystic Blast      Conjuration                  4
Comestibles
 b - 3 rations


   Skills:
 + Level 2.2 Dodging
 - Level 2.0 Stealth
 + Level 2.3 Spellcasting
 + Level 4.3 Conjurations


You had 4 spell levels left.
You knew the following spells:

 Your Spells              Type           Power        Failure   Level  Hunger
a - Magic Dart            Conj           ##..         3%          1    #......


Dungeon Overview and Level Annotations

Branches:
Dungeon (2/15)

Altars:
Cheibriados

Annotations:
D:2 Robin


Innate Abilities, Weirdness & Mutations

Your plain brown scales are hard. (AC +4)
You cannot fit into any form of body armour.
You are cold-blooded and may be slowed by cold attacks.


Message History

Press: ? - help, Shift-Dir - straight line, f/p - goblin
Aim: a goblin, wielding a dagger of venom (severely wounded)
You miscast Magic Dart.
You are very lightly contaminated with residual magic.
Strange energies run through your body.
You feel sick.
You are no longer poisoned.
The goblin hits you but does no damage.
You are lethally poisoned!
Casting: Magic Dart
Confirm with . or Enter, or press ? or * to list all spells.
Aiming: Magic Dart
Press: ? - help, Shift-Dir - straight line, f/p - goblin
Aim: a goblin, wielding a dagger of venom (severely wounded)
The magic dart hits the goblin.
You kill the goblin!
* * * LOW HITPOINT WARNING * * *
You feel sick.
* * * LOW HITPOINT WARNING * * *
You feel sick.
You die...

# #.....# #..............#.#
###.....########..............#.#
................>.............#.#
.######.########.................
.# #.# ##########.###.#.# .#
#.########## #.###.#.. .##
#..........# #.#...##. ..#
#..........## #.#...... #.##
#.........@.# #.####### ...#
#.#########.###≈# #........ #..##
#.# #g##≈≈# #.####### ....###.###
#..#≈≈###.# ....#.....#
##g#≈≈##..# ....#.....#
#g#≈≈≈#..# ##..#.....# #.#≈≈≈#≈.#
#..#.....# #.#≈≈≈...# #..#.....#
#.≈≈≈≈≈..#


You could see a hobgoblin and 2 goblins.

Vanquished Creatures
  A dart slug (D:2)
  3 leopard geckos
  A ball python (D:1)
  A giant cockroach (D:1)
  3 goblins
  A quokka (D:2)
  3 bats (D:1)
  2 frilled lizards (D:1)
  A kobold (D:1)
  5 rats (D:1)
21 creatures vanquished.

Notes
Turn   | Place    | Note
-------+----------+-------------------------------------------
     0 | D:1      | lysyklops the Draconian Conjurer began the quest for the Orb.
     0 | D:1      | Reached XP level 1. HP: 14/14 MP: 3/3
   413 | D:1      | Reached XP level 2. HP: 20/20 MP: 1/5
   476 | D:1      | Found a snail-covered altar of Cheibriados.
  1216 | D:2      | Noticed Robin
  1263 | D:1      | HP: 1/20 [poisoned by a goblin]
  1266 | D:1      | Succumbed to a goblin's poison

Skill      XL: |  1 |
---------------+----+-----
Dodging        | 2 |  2.2
Stealth        | 2 |  2.0
Spellcasting   | |  2.3
Conjurations   | |  4.3

Action                   || total
-------------------------++-------
 Cast: Magic Dart        ||    45
  Eat: Chunk             ||     1
Armor: Skin              ||     3
Dodge: Dodged            ||    19
